 Dungeon Crawl Stone Soup version 0.31-a0-690-g7ce4588941 (webtiles) character file.

Game seed: 14230894620606512417

283 GordonOverkill the Cudgeller (level 6, -6/62 HPs)
             Began as an Ogre Delver on Sept 6, 2023.
             Mangled by a gnoll
             ... wielding a +0 halberd of electrocution
              (8 damage)
             ... on level 3 of the Dungeon.
             The game lasted 00:07:40 (3234 turns).

GordonOverkill the Cudgeller (Ogre Delver)          Turns: 3234, Time: 00:07:41

Health: -6/62      AC:  4    Str: 19    XL:     6   Next: 28%
Magic:  6/6        EV:  9    Int: 11    God:
Gold:   153        SH:  0    Dex: 10    Spells: 5/5 levels left

rFire   . . .        a - +0 mace
rCold   . . .        (no shield)
rNeg    . . .        h - +0 robe
rPois   .            (helmet restricted)
rElec   .            p - +0 cloak
rCorr   .            (gloves unavailable)
SInv    .            (boots unavailable)
Will    .....        (no amulet)
Stlth   ++           (no ring)
HPRegen 0.30/turn    (no ring)
MPRegen 0.10/turn

%: no passive effects
@: lethally poisoned (-6 -> -18), attractive, hasted, very quick
A: large, unfitting armour, tough skin 1
a: no special abilities


You were on level 3 of the Dungeon.
You visited 1 branch of the dungeon, and saw 6 of its levels.

You collected 153 gold pieces.

Inventory:

Hand Weapons
 a - a +0 mace (weapon)
 b - a +0 sling
Armour
 h - a +0 robe (worn)
 p - a +0 cloak (worn)
Jewellery
 m - a ring of protection from fire
 v - a ring of see invisible
 w - a ring of poison resistance
Wands
 g - a wand of digging (3)
Scrolls
 c - 2 scrolls of fog
 e - a scroll of noise {unknown}
 j - a scroll of immolation {unknown}
 k - a scroll of teleportation {unknown}
 l - a scroll of summoning {unknown}
 q - a scroll of vulnerability
 s - a scroll of enchant weapon {unknown}
 t - a scroll of identify {unknown}
Potions
 d - 2 potions of attraction
 i - 2 potions of heal wounds {unknown}
 n - 3 potions of curing {unknown}
 o - 4 potions of degeneration {unknown}
 r - a potion of magic {unknown}
 u - a potion of invisibility {unknown}


   Skills:
 - Level 4.0 Fighting
 + Level 5.9 Maces & Flails
 - Level 1.7 Dodging
 - Level 3.7 Stealth


You had 5 spell levels left.
You didn't know any spells.
Your spell library contained the following spells:

 Spells                   Type           Power      Damage    Failure   Level
 Animate Dead             Necr           0%         N/A       98%         4
 Borgnjor's Vile Clutch   Necr/Erth      0%         N/A       100%        5
 Death Channel            Necr           0%         N/A       100%        6


Dungeon Overview and Level Annotations

Branches:
Dungeon (6/15)
 Temple: D:4-7

Altars:

Annotations:
D:3 1 transporter
D:5 1 runed translucent door, Crazy Yiuf


Innate Abilities, Weirdness & Mutations

You are too large for most types of armour.
You have tough skin. (AC +1)


Message History

Search for what [Enter for "."]? .
There is an open door here.
There is an open door here.
The gnoll shouts!
You hear a shout! x3
There is a transporter here.
a - a +0 mace (weapon)
You enter the transporter and appear at another place.
You feel yourself speed up.
The gnoll hits you from afar with a +0 halberd of venom.
You are poisoned.
You feel sick.
You completely miss the gnoll.
You feel sick. The gnoll barely misses you.
You hit the gnoll.
The gnoll is heavily wounded.
You feel sick.
The gnoll hits you with a +0 halberd of venom!
* * * LOW HITPOINT WARNING * * *
You are more poisoned.
You hear a shout!
You barely miss the gnoll.
The gnoll is heavily wounded.
You feel very sick. The gnoll barely misses you.
You completely miss the gnoll.
The gnoll is heavily wounded.
You feel very sick.
You hit the gnoll.
The gnoll is almost dead.
You feel very sick.
The gnoll hits you from afar with a +0 halberd of electrocution.
* * * LOW HITPOINT WARNING * * *
You are electrocuted!!
* * * LOW HITPOINT WARNING * * *
The gnoll closely misses you.
It was a potion of attraction.
You feel attractive to monsters.
* * * LOW HITPOINT WARNING * * *
You feel sick.
The gnoll hits you from afar with a +0 halberd of electrocution!
You die...

..............................#.#
....≈≈≈≈≈≈≈≈≈≈≈...≈≈≈≈≈≈≈≈≈≈≈..'#
....≈≈≈≈≈≈≈≈≈≈≈...≈≈≈≈≈≈≈≈≈≈≈....
....≈≈#####...........#####≈≈....
....≈≈#.#.#.###.©.###.#g#.#≈≈....
..#.≈≈#...###©#####.###...#≈≈....
..#.≈≈###........g......###≈≈....
..#.≈≈.8#.######g######.#8.≈≈.>..
..#.≈≈.##.#.⌠.#.@8# .#.##.≈≈....
....~~.#g.'.....©⌠# ..#.~~....
....≈≈.##.#.⌠.#..8# .##.≈≈....
....≈≈.8#.######'######.#8.≈≈....
....≈≈###...............###≈≈....
###.≈≈#...###g#####.###...#≈≈..##
+...≈≈#g#.#.###.©.###.#.#.#≈≈..#
###.≈≈#####...........#####≈≈..#
<##.≈≈≈≈≈≈≈≈≈≈≈≈~≈≈≈≈≈≈≈≈≈≈≈≈..#


You could see 2 gnolls.

Vanquished Creatures
  A howler monkey (D:5)
  An orc priest (D:5)
  An iguana (D:3)
  2 orc wizards (D:5)
  A gnoll (D:5)
  4 adders
  A worm (D:2)
  A dart slug (D:2)
  6 orcs
  8 ball pythons
  7 endoplasms
  3 giant cockroaches
  7 goblins
  11 hobgoblins
  6 jackals
  5 kobolds
  3 quokkas
  7 bats
  3 frilled lizards
  3 rats
81 creatures vanquished.

Notes
Turn   | Place    | Note
-------+----------+-------------------------------------------
     0 | D:5      | GordonOverkill the Ogre Delver began the quest for the Orb.
     0 | D:5      | Reached XP level 1. HP: 24/24 MP: 1/1
     1 | D:6      | Noticed a gnoll sergeant
    13 | D:5      | Noticed an orc wizard
    13 | D:5      | Noticed an orc wizard
    33 | D:5      | Found a runed translucent door.
    34 | D:5      | Noticed Crazy Yiuf
    67 | D:5      | Killed an orc wizard
    68 | D:5      | Reached skill level 3 in Maces & Flails
    68 | D:5      | Reached XP level 2. HP: 14/32 MP: 2/2
    68 | D:5      | Reached XP level 3. HP: 17/39 MP: 3/3
   184 | D:5      | Reached XP level 4. HP: 40/48 MP: 4/4
   203 | D:5      | Reached skill level 4 in Maces & Flails
   253 | D:5      | Reached XP level 5. HP: 22/54 MP: 5/5
   821 | D:4      | Noticed a water moccasin
   917 | D:3      | Reached skill level 5 in Maces & Flails
  1506 | D:1      | Reached XP level 6. HP: 58/62 MP: 6/6
  2914 | D:3      | Found a transporter.
  2914 | D:3      | Found a transporter.
  3234 | D:3      | HP: 2/62 [poisoned by a gnoll]
  3234 | D:3      | Mangled by a gnoll

Illustrated notes

Levels and vault maps discovered:
D:1:      amcnicky_arrival_abandoned_market, layout_basic, minmay_heptomino_h4
D:2:      layout_basic, kennysheep_generic_room_4
D:3:      layout_basic, gammafunk_ghost_gnarly_gnolls
D:4:      layout_rooms, serial_glass, glass_columns_a, glass_columns_a,
          due_unseen_surprise, feat_on_display, feat_on_display,
          minmay_strange_pillars
D:5:      layout_rooms, grunt_temple_overflow_diamond, gammafunk_ghost_hive,
          uniq_crazy_yiuf_cottage
D:6:      nicolae_cairo_tiling_large, layout_cave_pools

Skill      XL: |  1  2  3  4  5 |
---------------+----------------+-----
Maces & Flails | 3 4 5 |  5.9
Fighting       | |  4.0
Dodging        | |  1.7
Stealth        | |  3.7

Action                     |  1- 3 |  4- 6 || total
---------------------------+-------+-------++-------
  Melee: Mace              |    14 |   181 ||   195
         Punch             |       |     1 ||     1
   Fire: Sling             |       |   133 ||   133
    Use: Scroll            |     1 |     2 ||     3
         Potion            |       |     2 ||     2
   Stab: Sleeping          |       |     2 ||     2
 Armour: Robe              |     8 |   163 ||   171
  Dodge: Dodged            |     8 |    90 ||    98

Table legend: (Time is in decaauts)
 A = Elapsed time spent in this place.
 B = Non-inter-level travel time spent in this place.
 C = Inter-level travel time spent in this place.
 D = Time resting spent in this place.
 E = Time spent auto-exploring this place.
 F = Levels seen in this place.
 G = Mean time per level.
                   A        B        C        D        E       F      G
               +--------+--------+--------+--------+--------+-----+--------+
         Total |   3289 |   3241 |     48 |    657 |   1516 |   6 |  548.2 |
       Dungeon |   3289 |   3241 |     48 |    657 |   1516 |   6 |  548.2 |
               +--------+--------+--------+--------+--------+-----+--------+

Top non-repeatable levels by time:
     D:3: 896 daAuts
     D:2: 839 daAuts
     D:1: 723 daAuts
     D:5: 587 daAuts
     D:4: 241 daAuts
     D:6: 1 daAuts
